 Dungeon Crawl Stone Soup version 0.30-a0-364-gf6b3ef1049 (webtiles) character file.

Game seed: 17924535781668706787

74 Kinoniko the Cudgeller (level 4, -8/39 HPs)
             Began as a Minotaur Fighter on Nov 15, 2022.
             Mangled by an ogre
             ... wielding a +0 giant club
              (15 damage)
             ... on level 3 of the Dungeon.
             The game lasted 00:01:11 (1129 turns).

Kinoniko the Cudgeller (Minotaur Fighter)           Turns: 1129, Time: 00:01:12

Health: -8/39      AC:  6    Str: 23    XL:     4   Next: 10%
Magic:  3/3        EV:  9    Int:  5    God:
Gold:   150        SH:  4    Dex:  9    Spells: 3/3 levels left

rFire   . . .      SeeInvis .    a - +0 flail
rCold   . . .      Faith    .    c - +0 buckler
rNeg    . . .      Spirit   .    b - +0 scale mail
rPois   .          Reflect  .    (helmet restricted)
rElec   .          Harm     .    (no cloak)
rCorr   .          Rampage  .    (no gloves)
Will    .....                    (no boots)
Stlth   ..........               (no amulet)
HPRegen 0.26/turn                (no ring)
MPRegen 0.08/turn                (no ring)

@: no status effects
A: horns 2, retaliatory headbutt
a: no special abilities


You were on level 3 of the Dungeon.
You visited 1 branch of the dungeon, and saw 3 of its levels.

You collected 150 gold pieces.

Inventory:

Hand Weapons
 a - a +0 flail (weapon)
Armour
 b - a +0 scale mail (worn)
 c - a +0 buckler (worn)
Jewellery
 l - a ring of ice
Scrolls
 e - a scroll of magic mapping {unknown}
 g - 2 scrolls of poison {unknown}
 h - a scroll of blinking {unknown}
 i - 2 scrolls of enchant weapon {unknown}
 j - 2 scrolls of enchant armour {unknown}
 k - a scroll of fog {unknown}
 o - a scroll of noise {unknown}
 p - a scroll of identify {unknown}
Potions
 d - 2 potions of might
 f - 2 potions of heal wounds {unknown}
 m - 2 potions of curing {unknown}
 n - a potion of brilliance {unknown}


   Skills:
 - Level 3.6 Fighting
 * Level 4.6 Maces & Flails
 - Level 3.6 Armour
 + Level 4.5 Shields


You had 3 spell levels left.
You didn't know any spells.
Your spell library contained the following spells:

 Spells                   Type           Power      Damage    Failure   Level
 Gell's Gravitas          Tloc           0%         N/A       99%         3
 Teleport Other           Tloc           0%         N/A       99%         3
 Animate Armour           Summ/Erth      0%         N/A       100%        4
 Blade Hands              Tmut           0%         N/A       100%        5
 Dispersal                Tloc           0%         N/A       100%        6
 Iron Shot                Conj/Erth      0%         9d1       100%        6


Dungeon Overview and Level Annotations

Branches:
Dungeon (3/15)

Altars:
Dithmenos
Hepliaklqana


Innate Abilities, Weirdness & Mutations

You have a pair of horns on your head.
You reflexively headbutt those who attack you in melee.


Message History

No target in view!
No target in view!
No target in view!
No target in view!
No target in view!
No target in view!
No target in view!
No target in view!
No target in view!
You now have 150 gold pieces (gained 7).
Found a leather armour.
i - 2 scrolls labelled HOMNAG GOCO (gained 1)
Found 3 stones.
No target in view!
You see here a +0 leather armour.
You see here 3 stones.
An ogre comes into view. It is wielding a +0 giant club.
An ogre is nearby!
You block the ogre's attack.
Sorry, you're not good enough to have a special ability.
Sorry, you're not good enough to have a special ability.
You sock the ogre!
The ogre is heavily wounded.
You hit the ogre but do no damage.
The ogre is heavily wounded.
The ogre hits you with a +0 giant club!!
Ouch! That really hurt!
You are too injured to fight recklessly!
You are too injured to fight recklessly!
You are too injured to fight recklessly!
You are too injured to fight recklessly!
You are too injured to fight recklessly!
You hit the ogre.
The ogre is heavily wounded.
The ogre hits you with a +0 giant club!
* * * LOW HITPOINT WARNING * * *
You sock the ogre!
The ogre is almost dead.
The ogre hits you with a +0 giant club!
You die...

### ###### #.. .....#
#.# ##§..## #.#
##§§..§##
#####.###§....§§##
#......#§....O§§§###
###.####......).@§§§.#
.......+......_.§§§.>#
....####.............#
.#### #.#§.....§.§#.#
.# #.##§.§..§.##(# .#
#.###§§..§###.#
+############§..## #.#
..........###...# #.#
..........##..### #.#


You could see an ogre.

Vanquished Creatures
  Terence (D:2)
  A gnoll (D:1)
  An adder (D:2)
  A worm (D:3)
  2 bats
  An endoplasm (D:1)
  A giant cockroach (D:1)
  2 goblins (D:1)
  5 hobgoblins
  3 quokkas
  5 ball pythons
  A frilled lizard (D:1)
  5 kobolds
  5 rats
34 creatures vanquished.

Notes
Turn   | Place    | Note
-------+----------+-------------------------------------------
     0 | D:1      | Kinoniko the Minotaur Fighter began the quest for the Orb.
     0 | D:1      | Reached XP level 1. HP: 19/19 MP: 0/0
    92 | D:1      | Reached XP level 2. HP: 24/26 MP: 1/1
   486 | D:2      | Reached XP level 3. HP: 31/31 MP: 2/2
   532 | D:2      | Noticed Terence
   544 | D:2      | Killed Terence
  1026 | D:3      | Reached XP level 4. HP: 39/39 MP: 3/3
  1034 | D:3      | Found a shadowy altar of Dithmenos.
  1090 | D:3      | Found a hazy altar of Hepliaklqana.
  1122 | D:3      | Noticed an ogre
  1129 | D:3      | Mangled by an ogre

Illustrated notes

Levels and vault maps discovered:
D:1:      roderic_crossed_star, layout_basic
D:2:      layout_rooms, uniq_terence
D:3:      layout_basic, nicolae_dithmenos_the_darkroom,
          mainiacjoe_overflow_concentric_impassable

Skill      XL: |  1  2  3 |
---------------+----------+-----
Maces & Flails | 3 4 |  4.6
Shields        | 4 |  4.5
Fighting       | |  3.6
Armour         | |  3.6

Action                   |  1- 3 |  4- 6 || total
-------------------------+-------+-------++-------
Melee: Flail             |    65 |     9 ||    74
       Headbutt          |     5 |     1 ||     6
Armor: Scale mail        |    16 |     1 ||    17
Dodge: Dodged            |    28 |     2 ||    30
Block: Buckler           |     8 |     2 ||    10

Table legend: (Time is in decaauts)
 A = Elapsed time spent in this place.
 B = Non-inter-level travel time spent in this place.
 C = Inter-level travel time spent in this place.
 D = Time resting spent in this place.
 E = Time spent auto-exploring this place.
 F = Levels seen in this place.
 G = Mean time per level.
                   A        B        C        D        E       F      G
               +--------+--------+--------+--------+--------+-----+--------+
         Total |   1147 |   1104 |     43 |      0 |    892 |   3 |  382.3 |
       Dungeon |   1147 |   1104 |     43 |      0 |    892 |   3 |  382.3 |
               +--------+--------+--------+--------+--------+-----+--------+

Top non-repeatable levels by time:
     D:1: 458 daAuts
     D:2: 434 daAuts
     D:3: 254 daAuts
